 Dungeon Crawl Stone Soup version 0.17-a0-2055-gb4e23be (webtiles) character file.

25036 4thArraOfDagon the Unseen (level 12, -20/91 HPs)
             Began as a Felid Berserker on Oct 11, 2015.
             Was a High Priest of Trog.
             Demolished by a large abomination (36 damage)
             ... created by a deep elf death mage
             ... on level 3 of the Elven Halls.
             The game lasted 00:54:58 (8085 turns).

4thArraOfDagon the Unseen (Felid Berserker)         Turns: 8085, Time: 00:54:58

Health: -20/91     AC:  4    Str: 18    XL:     12   Next: 85%
Magic:  16/16      EV: 32    Int: 13    God:    Trog [*****.]
Gold:   760        SH:  0    Dex: 21    Spells: 0 memorised, 11 levels left
                                        Lives:  0   Deaths: 4

rFire  + . .     SeeInvis +       - Unarmed
rCold  + + .     Clarity  .     (armour unavailable)
rNeg   + . .     SustAt   .     (shield unavailable)
rPois  +         Gourm    .     (helmet unavailable)
rElec  .         Spirit   .     (cloak unavailable)
rCorr  .         Warding  +     (gloves unavailable)
rMut   .         Stasis   .     (boots unavailable)
MR     +....                    E - amulet of warding
Stlth  ..........               I - ring "Ubuzod" {rPois Dex+3}
                                H - ring of Ydaz {+Inv rC+ SInv}

@: berserking (expiring), very quick, somewhat resistant to hostile
enchantments, extremely unstealthy
A: no armour, no weapons or thrown items, claws 1, fangs 3, rugged brown scales
1, see invisible, carnivore 3, clever 1, fire resistance 1, speed 1, screaming
1, shaggy fur 3, slow metabolism 1, spit poison 1, sharp paws
a: Spit Poison, Burn Spellbooks, Berserk, Trog's Hand, Brothers in Arms,
Renounce Religion, Evoke Invisibility


You were on level 3 of the Elven Halls.
You worshipped Trog.
Trog was extremely pleased with you.
You were very full.

You visited 3 branches of the dungeon, and saw 22 of its levels.
You visited 1 bazaar.
You also visited: Ossuary.

You collected 1591 gold pieces.
You spent 831 gold pieces at shops.

Inventory:

Jewellery
 b - an uncursed ring of see invisible
 c - an uncursed ring of fire
 n - an uncursed amulet of guardian spirit
 x - a +3 ring of protection
 E - an amulet of warding (around neck)
 H - the ring of Ydaz (left paw) {+Inv rC+ SInv}
   (You took it off a deep elf high priest on level 3 of the Elven Halls)

   [ring of invisibility]

   It protects you from cold.
   It lets you see invisible.
   It lets you turn invisible.
 I - the ring "Ubuzod" (right paw) {rPois Dex+3}
   (You took it off a deep elf annihilator on level 3 of the Elven Halls)

   [ring of poison resistance]

   It affects your dexterity (+3).
   It protects you from poison.
Wands
 m - a wand of confusion (27)
 o - a wand of lightning (1)
 A - a wand of digging (4)
Scrolls
 d - a scroll of immolation {unknown}
 s - a scroll of magic mapping
 t - a scroll of teleportation
 u - 2 scrolls of identify
 y - a scroll of vulnerability
 B - a scroll of remove curse
Potions
 e - 2 potions of mutation
 f - 2 potions of brilliance
 g - a potion of heal wounds
 h - a potion of agility
 i - 5 potions of curing
 j - a potion of cancellation
 k - 2 potions of ambrosia
 l - a potion of magic
 p - a potion of lignification
 r - a potion of might
 v - a potion of haste
 z - 3 potions of flight
 G - a potion of cure mutation
Books
 q - a book of Conjurations

   Spells                             Type                      Level
   a - Magic Dart                     Conjuration                  1
   b - Searing Ray                    Conjuration                  2
   c - Dazzling Spray                 Conjuration/Hexes            3
   d - Fulminant Prism                Conjuration/Hexes            4
   e - Iskenderun's Mystic Blast      Conjuration                  4
   f - Iskenderun's Battlesphere      Conjuration/Charms           5
   Trog disapproves of the use of such an item.
 D - a book of Burglary

   Spells                             Type                      Level
   a - Swiftness                      Charms/Air                   2
   b - Passwall                       Transmutation/Earth          3
   c - Passage of Golubria            Translocation                4
   d - Lee's Rapid Deconstruction     Earth                        5
   e - Darkness                       Hexes                        6
   f - Invisibility                   Hexes                        6
   Trog disapproves of the use of such an item.
Comestibles
 a - 9 meat rations
 w - 2 beef jerkies
 C - 6 chunks of flesh


   Skills:
 + Level 11.2 Fighting
 + Level 13.9 Dodging
 * Level 18.2 Stealth
 * Level 14.8 Unarmed Combat
 - Level 5.3 Evocations


You had 11 spell levels left.
You didn't know any spells.

Dungeon Overview and Level Annotations

Branches:
Dungeon (15/15)            Temple (0/1) D:7             Orc (4/4) D:9
    Elf (3/3) Orc:3
   Lair: D:8-11      Vaults: D:13-14     Depths: D:15

Altars:
Elyvilon
Gozag
Okawaru
Sif Muna
Trog
Vehumet
Beogh

Shops:
D:4 *   D:8 *   D:12 :   D:14 ?   Orc:3 (   Orc:4 (*[

Annotations:
D:10 PIETY FARM, Sonja
D:11 Erica, Fannar
D:13 VAULTS


Innate Abilities, Weirdness & Mutations

You cannot wear armour.
You are incapable of wielding weapons or throwing items.
You have sharp claws.
You have razor-sharp teeth.
You have supernaturally acute eyesight.
You are carnivorous and can eat meat at any time.
You cover ground quickly.
Your thick and shaggy fur keeps you warm (AC +3, rC+).
You have a slow metabolism.
Your sharp claws are effective at attacking unaware monsters.
You are partially covered in rugged brown scales (AC +1, +3% HP).
Your mind is acute. (Int +2)
Your flesh is heat resistant.
You occasionally shout uncontrollably at your foes.
You can spit weak poison.


Message History

You scratch the large abomination. Your bite misses the large abomination.
The large abomination is severely damaged.
The large abomination hits you!!
* * * LOW HITPOINT WARNING * * *
You are too injured to fight recklessly!
You are too injured to fight recklessly!
You are too injured to fight recklessly!
You are too injured to fight recklessly!
You scratch the large abomination but do no damage.
The large abomination is severely damaged.
Unknown command.
Unknown command.
You closely miss the large abomination.
The large abomination is severely damaged.
Unknown command.
Unknown command.
You closely miss the large abomination.
The large abomination is severely damaged.
The large abomination hits you!!!
You die...

#.# #.. #.# #.. ## #.# #.. #.#
#.# #.. #.# ##'## #.. #.#
#...# #.. #.# ########...###..
#.##...........####
########@#.######...## #
........#X.# #...#
##########(#### #####
##.......##
***###.........#####*
**,,#.............#).##
***,,*#..........(..##).###
**,,,*#...e...........##.[)##
**,,,,*.......###.......#.(.[#


You could see a large abomination.

Vanquished Creatures
  2 deep elf master archers (Elf:3)
  Frances (D:13)
  6 deep elf sorcerers (Elf:3)
  6 deep elf annihilators (Elf:3)
  A deep elf demonologist (Elf:3)
  4 deep elf death magi (Elf:3)
  3 deep elf high priests (Elf:3)
  3 tengu warriors (D:14)
  2 centaur warriors
  A small abomination (Elf:1)
  3 deep elf knights
  3 deep elf summoners
  2 hill giants
  The ghost of 4thArraOfDagon the Covert, a novice OpWn of Dithmenos (D:10)
  2 cyclopes
  A manticore (D:13)
  3 deep elf conjurers
  8 ugly things
  2 orc sorcerers (Orc:2)
  2 gargoyles
  A guardian serpent (shapeshifter) (Elf:3)
  3 deep elf priests
  A tengu conjurer (D:14)
  4 trolls
  A two-headed ogre (D:9)
  4 slime creatures (D:14)
  2 shadows (D:12)
  A water elemental (D:15)
  A wraith (D:12)
  A trapdoor spider (D:12)
  15 yaks
  2 wyverns
  15 deep elf magi
  A basilisk (D:14)
  3 hippogriffs
  9 deep elf fighters
  Menkaure (D:7)
  2 soldier ants
  2 wargs
  25 orc warriors
  4 phantoms
  A boggart (shapeshifter) (Elf:2)
  2 eyes of draining
  3 ice beasts
  2 sky beasts
  29 centaurs
  2 ogres (D:13)
  The ghost of nht the Cutter, an amateur MfAs of Ashenzari (Ossuary)
  2 giant frogs
  A big kobold (D:12)
  A wyvern zombie (D:6)
  A quasit (D:9)
  2 centaur zombies
  7 crimson imps
  A giant frog zombie (D:9)
  2 hounds (D:10)
  9 orc priests
  Natasha (D:2)
  2 iguanas
  11 worker ants
  20 orc wizards
  A big kobold zombie (Ossuary)
  8 mummies (Ossuary)
  7 adders
  2 shadow imps
  An ooze (D:6)
  An adder zombie (D:9)
  A worm (D:5)
  2 giant geckos
  87 orcs
  A bat (D:2)
  A giant cockroach (D:2)
  2 hobgoblins
  3 jackals (D:9)
  4 quokkas
  2 ball pythons (D:5)
  2 hobgoblin zombies (Ossuary)
  6 kobolds
  2 kobold zombies (Ossuary)
  3 orc zombies (Ossuary)
  2 quokka skeletons
392 creatures vanquished.

Vanquished Creatures (collateral kills)
  A deep elf sorcerer (Elf:3)
  A deep elf annihilator (Elf:3)
  A yak (D:11)
  2 deep elf magi (Elf:1)
  A deep elf fighter (Elf:1)
  An orc wizard (D:11)
7 creatures vanquished.

Grand Total: 399 creatures vanquished

Notes
Turn   | Place    | Note
--------------------------------------------------------------
     0 | D:1      | 4thArraOfDagon the Felid Berserker began the quest for the Orb.
     0 | D:1      | Reached XP level 1. HP: 10/10 MP: 2/2
    42 | D:2      | Noticed Natasha
    48 | D:2      | Noticed a crimson imp
    51 | D:2      | Killed Natasha
    51 | D:2      | Reached XP level 2. HP: 7/14 MP: 3/3
   158 | D:2      | Reached XP level 3. HP: 15/17 MP: 4/4
   264 | D:4      | Found an opulent altar of Gozag.
   268 | D:4      | Found Gozag's Platinum Reserve.
   324 | D:5      | Entered Level 5 of the Dungeon
   351 | D:5      | Noticed an ice beast
   362 | D:5      | Killed an ice beast
   362 | D:5      | Reached XP level 4. HP: 6/22 MP: 5/5
   440 | D:5      | Reached skill level 5 in Dodging
   440 | D:5      | Reached XP level 5. HP: 17/25 MP: 6/6
   493 | D:5      | Noticed a centaur
   499 | D:5      | Killed a centaur
   499 | D:5      | Reached skill level 5 in Unarmed Combat
   537 | D:5      | Found a radiant altar of Vehumet.
   544 | D:5      | Found a sand-covered staircase.
   550 | Ossuary  | Entered an ossuary
   626 | Ossuary  | Gained mutation: You are covered in thick fur (AC +2). [Felid growth]
   626 | Ossuary  | Reached XP level 6. HP: 28/28 MP: 7/7
   656 | Ossuary  | Noticed nht's ghost (amateur MfAs)
   692 | Ossuary  | Killed nht's ghost
   779 | Ossuary  | Reached skill level 6 in Dodging
   997 | D:6      | Reached XP level 7. HP: 33/33 MP: 8/8
  1045 | D:5      | Found a bloodstained altar of Trog.
  1051 | D:5      | Acquired Trog's second power
  1138 | D:7      | Reached skill level 5 in Fighting
  1235 | D:6      | Found an iron altar of Okawaru.
  1276 | D:7      | Found a staircase to the Ecumenical Temple.
  1393 | D:7      | Noticed Menkaure
  1403 | D:7      | Killed Menkaure
  1403 | D:7      | Reached skill level 7 in Dodging
  1471 | D:8      | Found Saser's Assorted Antiques.
  1474 | D:8      | Bought a thin beryl amulet for 185 gold pieces
  1474 | D:8      | Bought a viscous brown potion for 33 gold pieces
  1513 | D:8      | Reached skill level 1 in Stealth
  1565 | D:8      | Reached XP level 8. HP: 37/37 MP: 9/9
  1573 | D:8      | Gained mutation: Your mind is acute. (Int +2) [mutagenic meat]
  1574 | D:8      | Gained mutation: You can spit weak poison. [mutagenic meat]
  1926 | D:8      | :(
  1927 | D:8      | 1life
  1931 | D:7      | Slain by a killer bee
  1932 | D:7      | Reached XP level 7. HP: -3/34 MP: 0/8
  1993 | D:9      | Reached skill level 5 in Stealth
  1993 | D:9      | Reached skill level 8 in Unarmed Combat
  2002 | D:9      | Noticed a two-headed ogre
  2018 | D:9      | Killed a two-headed ogre
  2018 | D:9      | Reached XP level 8. HP: 34/38 MP: 4/9
  2161 | D:9      | Found a staircase to the Orcish Mines.
  2212 | D:10     | Entered Level 10 of the Dungeon
  2301 | D:10     | Noticed Sonja
  2428 | D:10     | Noticed a queen ant
  2510 | D:10     | Noticed 4thArraOfDagon's ghost (novice OpWn)
  2512 | D:10     | :(
  2588 | D:9      | Reached XP level 9. HP: 32/42 MP: 7/10
  2602 | D:10     | Killed 4thArraOfDagon's ghost
  2602 | D:10     | Reached skill level 9 in Unarmed Combat
  2769 | D:11     | Noticed Fannar
  2782 | D:11     | Noticed Erica
  2822 | D:12     | Noticed a red ugly thing
  2840 | D:12     | Killed a red ugly thing
  2844 | D:12     | Gained mutation: You occasionally shout uncontrollably at your foes. [mutagenic meat]
  2882 | D:13     | :(
  2913 | D:13     | Noticed a gargoyle
  2920 | D:13     | Killed a gargoyle
  2920 | D:13     | Reached skill level 10 in Stealth
  3033 | D:13     | Noticed a hill giant
  3043 | D:13     | Killed a hill giant
  3043 | D:13     | Reached skill level 10 in Unarmed Combat
  3043 | D:13     | Reached XP level 10. HP: 47/47 MP: 11/11
  3086 | D:13     | Found a flickering gateway to a bazaar.
  3087 | D:13     | Noticed a manticore
  3098 | D:13     | Killed a manticore
  3134 | Bazaar   | Entered a bazaar
  3136 | Bazaar   | Found Uxkebli's Gadget Shop.
  3140 | Bazaar   | Found Pumpufe's Gadget Shoppe.
  3148 | Bazaar   | Found Jetic's Distillery.
  3183 | Bazaar   | Found Edabre's Assorted Antiques.
  3191 | Bazaar   | Bought a blue potion for 11 gold pieces
  3193 | Bazaar   | Found Axkoixt's Weapon Emporium.
  3234 | Bazaar   | Bought a potion of heal wounds for 40 gold pieces
  3234 | Bazaar   | Bought 2 potions of lignification for 48 gold pieces
  3234 | Bazaar   | Bought a potion of might for 32 gold pieces
  3234 | Bazaar   | Bought a potion of poison for 8 gold pieces
  3234 | Bazaar   | Bought a potion of curing for 24 gold pieces
  3263 | D:13     | Noticed Frances
  3274 | D:13     | Killed Frances
  3274 | D:13     | Reached skill level 10 in Dodging
  3274 | D:13     | Reached skill level 11 in Stealth
  3333 | D:14     | Noticed a red ugly thing
  3338 | D:14     | Noticed a red ugly thing
  3351 | D:14     | Noticed a red ugly thing
  3353 | D:14     | Noticed a red ugly thing
  3353 | D:14     | Killed a red ugly thing
  3389 | D:14     | Killed a red ugly thing
  3389 | D:14     | Reached skill level 12 in Stealth
  3396 | D:14     | Killed a brown ugly thing
  3396 | D:14     | Reached XP level 11. HP: 52/52 MP: 7/12
  3402 | D:14     | HP: 3/78 [cyan ugly thing (16)]
  3406 | D:14     | Mangled by a cyan ugly thing
  3407 | D:14     | Reached XP level 10. HP: -12/48 MP: 0/11
  3419 | D:14     | Found Canoudu's Magic Scroll Emporium.
  3420 | D:14     | Noticed a green ugly thing
  3421 | D:14     | Noticed a green ugly thing
  3421 | D:14     | Noticed a green ugly thing
  3507 | D:14     | Noticed a tengu warrior
  3507 | D:14     | Noticed a seven-headed hydra
  3544 | D:15     | Entered Level 15 of the Dungeon
  3561 | D:14     | Noticed a tengu warrior
  3561 | D:14     | Noticed a cyclops
  3561 | D:14     | Noticed a tengu warrior
  3572 | D:15     | Noticed a fire dragon
  3638 | D:15     | Noticed a skeletal warrior
  3741 | D:15     | Noticed a tengu warrior
  3762 | D:14     | Noticed a tengu warrior
  3762 | D:14     | Noticed a tengu warrior
  3776 | D:14     | Killed a tengu warrior
  3784 | D:14     | Killed a tengu warrior
  3830 | D:14     | Noticed a cyclops
  3859 | D:14     | Noticed a centaur warrior
  3871 | D:14     | Killed a centaur warrior
  3887 | D:14     | Killed a cyclops
  3887 | D:14     | Reached skill level 1 in Evocations
  3933 | D:14     | Reached skill level 13 in Stealth
  4027 | D:14     | Reached XP level 11. HP: 52/52 MP: 13/13
  4138 | D:14     | Killed a tengu warrior
  4222 | D:14     | Killed a cyan ugly thing
  4225 | D:14     | Killed a green ugly thing
  4230 | D:14     | Killed a green ugly thing
  4237 | D:14     | Gained mutation: You are partially covered in rugged brown scales (AC +1, +3% HP). [mutagenic meat]
  4238 | D:14     | Gained mutation: Your flesh is heat resistant. [mutagenic meat]
  4403 | D:14     | Bought a scroll of identify for 20 gold pieces
  4403 | D:14     | Bought a scroll of identify for 20 gold pieces
  4403 | D:14     | Bought a scroll of teleportation for 30 gold pieces
  4592 | D:12     | Noticed a hill giant
  4603 | D:12     | Reached skill level 14 in Stealth
  4609 | D:12     | Killed a hill giant
  4697 | D:12     | Acquired Trog's third power
  4791 | D:12     | Noticed a green ugly thing
  4801 | D:12     | Killed a green ugly thing
  4808 | D:12     | Found a white marble altar of Elyvilon.
  4905 | D:12     | Found Ymemot's Book Boutique.
  5014 | D:11     | Noticed a cyclops
  5035 | D:11     | Gained mutation: Your thick and shaggy fur keeps you warm (AC +3, rC+). [Felid growth]
  5035 | D:11     | Reached XP level 12. HP: 55/58 MP: 14/16
  5091 | D:11     | Noticed a gargoyle
  5103 | D:11     | Killed a cyclops
  5110 | D:11     | Killed a gargoyle
  5298 | Orc:1    | Entered Level 1 of the Orcish Mines
  5337 | Orc:1    | Found a roughly hewn altar of Beogh.
  5513 | Orc:2    | Found a bloodstained altar of Trog.
  5688 | Orc:3    | iso ice cave
  5699 | Orc:4    | Entered Level 4 of the Orcish Mines
  5700 | Orc:4    | not bad
  5825 | Orc:4    | Noticed a centaur warrior
  5858 | Orc:4    | Killed a centaur warrior
  5858 | Orc:4    | Reached skill level 15 in Stealth
  5858 | Orc:4    | Reached skill level 5 in Evocations
  6106 | Orc:4    | Found a dark tunnel.
  6113 | Orc:4    | WASTEd
  6165 | Orc:4    | Found Cuck's Magic Scroll Shop.
  6165 | Orc:4    | Found Gaefen's General Store.
  6167 | Orc:4    | Found Wekurphi's Antique Weapon Shoppe.
  6169 | Orc:4    | Found Plog's Antique Armour Boutique.
  6176 | Orc:4    | Bought a scroll of magic mapping for 45 gold pieces
  6176 | Orc:4    | Bought a scroll of identify for 26 gold pieces
  6176 | Orc:4    | Bought 2 scrolls of identify for 52 gold pieces
  6177 | Orc:4    | Bought a scroll of identify for 22 gold pieces
  6177 | Orc:4    | Bought a scroll of identify for 22 gold pieces
  6177 | Orc:4    | Bought a scroll of teleportation for 33 gold pieces
  6177 | Orc:4    | Bought a scroll of magic mapping for 38 gold pieces
  6177 | Orc:4    | Bought a scroll of magic mapping for 38 gold pieces
  6177 | Orc:4    | Bought a scroll of vulnerability for 82 gold pieces
  6177 | Orc:4    | Bought a scroll of identify for 22 gold pieces
  6184 | Orc:4    | BBL
  6243 | Orc:3    | Found Famaghy's Weapon Shop.
  6255 | Orc:3    | Found a staircase to the Elven Halls.
  6287 | Elf:1    | Entered Level 1 of the Elven Halls
  6299 | Elf:1    | Reached skill level 10 in Fighting
  6301 | Elf:1    | Found a radiant altar of Vehumet.
  6764 | Elf:2    | Reached XP level 13. HP: 60/62 MP: 17/17
  6815 | Elf:3    | Entered Level 3 of the Elven Halls
  6824 | Elf:2    | Found a deep blue altar of Sif Muna.
  6938 | Elf:3    | Found a deep blue altar of Sif Muna.
  6974 | Elf:3    | Noticed a deep elf demonologist
  6996 | Elf:3    | Noticed a deep elf annihilator
  7013 | Elf:3    | Killed a deep elf demonologist
  7013 | Elf:3    | Reached skill level 16 in Stealth
  7014 | Elf:3    | Noticed a deep elf sorcerer
  7019 | Elf:3    | Killed a deep elf annihilator
  7028 | Elf:3    | Killed a deep elf sorcerer
  7033 | Elf:3    | Noticed a deep elf master archer
  7039 | Elf:3    | Noticed a deep elf sorcerer
  7045 | Elf:3    | Killed a deep elf sorcerer
  7053 | Elf:3    | Noticed a deep elf sorcerer
  7059 | Elf:3    | Killed a deep elf sorcerer
  7072 | Elf:3    | Noticed a deep elf annihilator
  7081 | Elf:3    | Killed a deep elf annihilator
  7113 | Elf:3    | Noticed a deep elf sorcerer
  7133 | Elf:3    | Killed a deep elf sorcerer
  7136 | Elf:3    | Noticed a deep elf annihilator
  7144 | Elf:3    | Reached skill level 17 in Stealth
  7160 | Elf:3    | Noticed a deep elf annihilator
  7172 | Elf:3    | Killed from afar by a deep elf annihilator
  7173 | Elf:3    | Reached XP level 12. HP: -15/90 MP: 0/16
  7175 | Elf:3    | Noticed a deep elf annihilator
  7209 | Elf:3    | Killed a deep elf annihilator
  7216 | Elf:3    | Killed a deep elf master archer
  7253 | Elf:3    | Noticed a deep elf master archer
  7270 | Elf:3    | Killed a deep elf master archer
  7414 | Elf:3    | Killed a deep elf annihilator
  7414 | Elf:3    | Reached XP level 13. HP: 54/64 MP: 14/17
  7446 | Elf:3    | Noticed a deep elf annihilator
  7455 | Elf:3    | Noticed a deep elf annihilator
  7469 | Elf:3    | Killed a deep elf annihilator
  7472 | Elf:3    | Killed a deep elf annihilator
  7657 | Elf:3    | Got a twitching ivory ring
  7658 | Elf:3    | Identified the ring of Ydaz {+Inv rC+ SInv} (You took it off a deep elf high priest on level 3 of the Elven Halls)
  7675 | Elf:3    | Got a shimmering steel ring
  7678 | Elf:3    | Identified the ring "Ubuzod" {rPois Dex+3} (You took it off a deep elf annihilator on level 3 of the Elven Halls)
  7700 | Elf:3    | Noticed a deep elf sorcerer
  7713 | Elf:3    | Noticed a deep elf sorcerer
  7719 | Elf:3    | Killed a deep elf sorcerer
  7722 | Elf:3    | Killed a deep elf sorcerer
  7723 | Elf:3    | Noticed a deep elf sorcerer
  7732 | Elf:3    | Killed from afar by a deep elf sorcerer
  7733 | Elf:3    | Reached XP level 12. HP: -25/61 MP: 0/16
  7874 | Elf:3    | Noticed a deep elf annihilator
  7904 | Elf:3    | Killed a deep elf sorcerer
  7959 | Elf:3    | Reached skill level 18 in Stealth
  8007 | Elf:3    | Killed a deep elf annihilator
  8085 | Elf:3    | Demolished by a large abomination

Vault maps used:
D:1:      minmay_arrival_plants_in_alcoves
D:2:      first_bread, st_stairs_2, minmay_misc_feat_hallway, uniq_iyjb,
          uniq_natasha
D:3:      fedhas_altar_3, uniq_sigmund
D:4:      nicolae_gozag_zags_fifth_avenue, uniq_blork_the_orc
D:5:      nicolae_overflow_crystal_walls, lemuel_zombie_altar_yredelemnul,
          old_standard_altar, serial_shops, nicolae_shop_overgrown_old_shop,
          nicolae_ossuary_entry_monument
D:6:      okawaru_gym_becter
D:7:      lemuel_ratsnest, minmay_temple_entry_large_hall,
          minmay_misc_feat_columns, uniq_prince_ribbit1, uniq_pikel,
          uniq_menkaure
D:8:      serial_shops, shop, hangedman_abyss_or_decor_passed
D:9:      cheibriados_altar_wand_db, orc_0_dummy
D:10:     st_stairs_9, hangedman_pestilent_swarm, zaba_anthell, uniq_sonja,
          uniq_erolcha
D:11:     minmay_lair_entry_lava, uniq_erica, uniq_josephine, uniq_fannar
D:12:     serial_shops, shop, elyvilon_altar_3
D:13:     lightli_vaults_fourway_checkpoint, serial_shops, bzr_in_the_mist,
          uniq_frances
D:14:     grunt_decor_fettered, serial_shops, shop
D:15:     gammafunk_depths_entry_grave
Orc:1:    basic_altar, lemuel_statue_altar
Orc:2:    basic_altar
Orc:3:    nicolae_orc_accident_1, serial_shops, shop, nicolae_orc_pool_cavern
Orc:4:    st_orc_rangers, basic_altar, lightli_volcano_entry_magma_tube
Elf:1:    eino_elf_arrival_altar, evilmike_minifort, fake_guardian_serpent_vault
Elf:2:    basic_altar, st_stairs_8
Elf:3:    nooodl_elf_gasket, basic_altar
Bazaar:   bazaar_kb_twisted_cavern
Ossuary:  ossuary_tomb_3

Action                   |  1- 3 |  4- 6 |  7- 9 | 10-12 | 13-15 || total
-------------------------+-------+-------+-------+-------+-------++-------
Melee: Unarmed           |    34 |    69 |   247 |   899 |   158 ||  1407
Invok: Berserk           |     4 |     8 |    18 |    30 |     2 ||    62
       Trog's Hand       |       |       |     6 |    37 |     7 ||    50
       Brothers in Arms  |       |       |       |     7 |     1 ||     8
Evoke: Wand              |       |       |     2 |    14 |     3 ||    19
  Use: Scroll            |       |     5 |     7 |    13 |     6 ||    31
       Potion            |       |       |     2 |     7 |     2 ||    11
 Stab: Sleeping          |     1 |       |     6 |    19 |       ||    26
       Confused          |       |       |     1 |       |       ||     1
       Distracted        |       |       |       |     1 |       ||     1
  Eat: Chunk             |     3 |    12 |    34 |    64 |     5 ||   118
       Royal jelly       |       |     1 |       |       |       ||     1
